[Event "Titled Tuesday Blitz March 22 Early 2022"]
[White "Petrosyan, Manuel"]
[Black "Przybylski, Wojciech"]
[WhiteFideId "13300857"]
[BlackFideId "1117599"]
[WhiteElo "2592"]
[BlackElo "2133"]
[Result "1-0"]
[Round "02"]
[TimeControl "180+1"]
[Date "2022.03.22"]
[WhiteClock "0:00:04"]
[BlackClock "0:00:06"]

1. c4 e5 2. g3 Nf6 3. Bg2 d5 4. cxd5 Nxd5 5. Nc3 Nb6 6. d3 Be7 7. Be3 O-O 8. Rc1 Nc6 9. Bxc6 bxc6 10. Nf3 f6 11. O-O Nd5 12. Bd2 Bd7 13. Ne4 Rb8 14. Qc2 Bd6 15. a3 Kh8 16. b4 Qe7 17. Nc5 Be8 18. Rfe1 Qf7 19. e4 Ne7 20. d4 Qh5 21. Kg2 Qg4 22. h3 Qc8 23. Bc3 Ng6 24. Ba1 Bf7 25. dxe5 fxe5 26. Ng1 Bg8 27. Nd3 Rb6 28. Bc3 Qe6 29. Bd2 Ne7 30. Be3 Rbb8 31. Nc5 Qc8 32. Red1 Qe8 33. Na6 Rd8 34. Bc5 Be6 35. Rd2 Qf7 36. Qc3 Bc8 37. Bxd6 cxd6 38. Nc7 Ng6 39. Qxc6 Ne7 40. Qc4 Qg6 41. Nb5 Be6 42. Qe2 d5 43. Nc7 Bg8 44. Rc5 dxe4 45. Rxd8 Rxd8 46. Rxe5 Nc6 47. Rc5 Nd4 48. Qe3 h6 49. Ne2 Bh7 50. Nxd4 Qf7 51. Nce6 Re8 52. Rc7 Qf6 53. Rxg7 Rxe6 54. Nxe6 Qxe6 55. Qd4 e3 56. Re7+ Kg8 57. Qg7# 1-0


[Site "https://www.chess.com"]

[Event "Titled Tuesday Blitz March 22 Early 2022"]
[White "Petrova, Irina"]
[Black "Estrada Nieto, Julian"]
[WhiteFideId "14124122"]
[BlackFideId "5101018"]
[WhiteElo "1993"]
[BlackElo "2246"]
[Result "0-1"]
[Round "02"]
[TimeControl "180+1"]
[Date "2022.03.22"]
[WhiteClock "0:00:21"]
[BlackClock "0:00:21"]

1. e4 e5 2. Nf3 Nc6 3. Bb5 a6 4. Ba4 Nf6 5. O-O Be7 6. Bxc6 dxc6 7. d3 Nd7 8. b3 f6 9. Nbd2 O-O 10. Nc4 Nc5 11. Ne3 Ne6 12. Nf5 c5 13. Bd2 Nd4 14. N3xd4 cxd4 15. f4 Bxf5 16. exf5 Qd7 17. Qg4 g6 18. fxe5 fxe5 19. Qe4 Rxf5 20. Rxf5 Qxf5 21. Qd5+ Qf7 22. Qxe5 Rf8 23. Qe2 Bd6 24. g3 Re8 25. Qf2 Qd5 26. Rf1 Rf8 27. Qe2 Rxf1+ 28. Qxf1 c5 29. Bh6 Qf7 30. Qxf7+ Kxf7 31. Kg2 Ke6 32. Kf3 Kd5 33. Bg7 b5 34. h3 c4 35. g4 cxd3 36. cxd3 a5 37. h4 a4 38. bxa4 bxa4 39. h5 gxh5 40. gxh5 Be5 41. Kg4 Bxg7 42. Kf5 Kc5 43. Ke6 Kb4 44. Kf7 Be5 45. Kg8 h6 46. Kh7 Bf4 47. Kg6 Ka3 48. Kf5 Bg5 49. Ke4 Kxa2 50. Kxd4 Kb2 0-1


[Site "https://www.chess.com"]

[Event "Titled Tuesday Blitz March 22 Early 2022"]
[White "Pinheiro, Iung Alicio de O."]
[Black "Salinas Herrera, Pablo"]
[WhiteFideId "2104350"]
[BlackFideId "3407128"]
[WhiteElo "2539"]
[BlackElo "2541"]
[Result "0-1"]
[Round "02"]
[TimeControl "180+1"]
[Date "2022.03.22"]
[WhiteClock "0:00:14"]
[BlackClock "0:00:04"]

1. c4 c6 2. g3 d5 3. Bg2 Nf6 4. Nf3 Bg4 5. Ne5 Be6 6. cxd5 Bxd5 7. Nf3 c5 8. Nc3 Bc6 9. O-O e6 10. Re1 Be7 11. e4 O-O 12. d4 cxd4 13. Nxd4 Qb6 14. Nb3 Rd8 15. Qe2 Qa6 16. Qe3 Nbd7 17. h3 Ne5 18. f4 Nd3 19. Rd1 Nxc1 20. Raxc1 Rxd1+ 21. Rxd1 Rd8 22. Rxd8+ Bxd8 23. Kh2 Bb6 24. Qd2 Qc4 25. e5 Nd5 26. Nxd5 exd5 27. h4 d4 28. Nc1 Bb5 29. Be4 Qc7 30. Nd3 g6 31. h5 Kg7 32. Kg2 Qd7 33. h6+ Kg8 34. Qe2 a5 35. Qf3 Ba6 36. g4 Bd8 37. f5 Bg5 38. e6 fxe6 39. fxe6 Qe7 40. Ne5 Bxh6 41. Nf7 Bg7 42. Bd5 d3 43. Qxd3 Bxd3 0-1


[Site "https://www.chess.com"]

[Event "Titled Tuesday Blitz March 22 Early 2022"]
[White "Pires, Marcos Vinicius Torsani"]
[Black "Van den Dikkenberg, Erik"]
[WhiteFideId "2118939"]
[BlackFideId "1005880"]
[WhiteElo "2273"]
[BlackElo "2118"]
[Result "1-0"]
[Round "02"]
[TimeControl "180+1"]
[Date "2022.03.22"]
[WhiteClock "0:00:11"]
[BlackClock "0:00:18"]

1. e4 c5 2. c3 g6 3. d4 cxd4 4. cxd4 Bg7 5. Nc3 e6 6. Nf3 Ne7 7. Be2 O-O 8. O-O d5 9. e5 Nbc6 10. Be3 Nf5 11. Rc1 h5 12. h3 h4 13. Qd2 Qb6 14. Rfd1 Bd7 15. Bg5 Rac8 16. Na4 Qa5 17. Qxa5 Nxa5 18. Nc5 Bc6 19. Nxh4 Nxh4 20. Bxh4 Bh6 21. Rc2 b6 22. Nd3 Bb5 23. Rc3 Nc4 24. b3 Nb2 25. Rxc8 Rxc8 26. Nxb2 Bxe2 27. Re1 Rc1 28. Rxc1 Bxc1 29. Na4 Bd3 30. f3 b5 31. Nc5 Bb1 32. a4 bxa4 33. bxa4 Ba2 34. Bf2 Bc4 35. g3 Kf8 36. f4 Ke7 37. Kg2 a6 38. Kf3 f6 39. Be3 fxe5 40. Bxc1 exd4 41. Bb2 d3 42. Ke3 Kd6 43. Bd4 d2 44. Kxd2 Bf1 45. h4 Kc6 46. g4 Kd6 47. h5 gxh5 48. gxh5 Bh3 49. h6 Bf5 50. Ke3 e5 51. fxe5+ Kc6 52. Kf4 Bh7 53. Kg5 a5 54. Kf6 Bc2 55. Kg7 Bf5 56. h7 Bxh7 57. Kxh7 Kc7 58. Kg7 Kd8 59. Kf7 Kc7 60. e6 Kc6 61. e7 Kd6 62. e8=Q Kc7 63. Qd7+ Kb6 64. Qb7# 1-0


[Site "https://www.chess.com"]

[Event "Titled Tuesday Blitz March 22 Early 2022"]
[White "Plotnikov, Pavel"]
[Black "Ruge, Edison"]
[WhiteFideId "4170342"]
[BlackFideId "4401000"]
[WhiteElo "2298"]
[BlackElo "2175"]
[Result "0-1"]
[Round "02"]
[TimeControl "180+1"]
[Date "2022.03.22"]
[WhiteClock "0:00:03"]
[BlackClock "0:02:02"]

1. e4 e5 2. Nf3 Nc6 3. Bb5 f5 4. d3 fxe4 5. dxe4 Nf6 6. O-O Bc5 7. Nc3 d6 8. Be3 Bb6 9. a4 O-O 10. a5 Nxa5 11. Bxb6 cxb6 12. b4 Nc6 13. Bc4+ Kh8 14. Ng5 Qe8 15. Nd5 Nxd5 16. Qxd5 h6 17. Nf7+ Kh7 18. Nxd6 Qg6 19. c3 Bh3 20. g3 Bxf1 21. Rxf1 Rad8 22. Rd1 Rf6 23. Nxb7 Rxd5 24. Bxd5 Ne7 25. c4 Qg4 26. Rd2 Ng6 0-1


[Site "https://www.chess.com"]

[Event "Titled Tuesday Blitz March 22 Early 2022"]
[White "Pranav, V"]
[Black "Shuvalova, Polina"]
[WhiteFideId "25060783"]
[BlackFideId "24171760"]
[WhiteElo "2349"]
[BlackElo "2355"]
[Result "1/2-1/2"]
[Round "02"]
[TimeControl "180+1"]
[Date "2022.03.22"]
[WhiteClock "0:00:04"]
[BlackClock "0:00:05"]

1. Nf3 Nf6 2. g3 d5 3. Bg2 g6 4. O-O Bg7 5. d3 O-O 6. Nbd2 Nc6 7. e4 e5 8. Re1 Re8 9. a4 a5 10. exd5 Nxd5 11. Nc4 Ndb4 12. Bd2 Ra6 13. Bc3 f6 14. Qd2 Be6 15. b3 Bf7 16. Rad1 Qd7 17. Bb2 Raa8 18. Qc1 Rad8 19. Nfd2 b6 20. Ne4 Nd4 21. Bxd4 exd4 22. h4 h6 23. Qf4 f5 24. Ned2 Nxc2 25. Rxe8+ Rxe8 26. Nf3 Nb4 27. Qd2 Nd5 28. Re1 Nc3 29. Nfe5 Bxe5 30. Nxe5 Qd6 31. f4 Bd5 32. Bxd5+ Nxd5 33. Qc2 Ne3 34. Qf2 Kg7 35. Rc1 c5 36. Re1 Qd5 37. Rb1 Re6 38. Qe2 Re7 39. Qf2 Rb7 40. Nc4 Re7 41. Re1 Kf7 42. Ne5+ Rxe5 43. fxe5 Qxb3 44. Qf3 Qc2 45. Qc6 h5 46. Qd7+ Kf8 47. Qc6 Qd2 48. Rb1 Ng4 49. Qd6+ Kg7 50. Qe7+ Kg8 51. Qe8+ Kg7 52. Qd7+ Kg8 53. Qd8+ Kh7 54. Qe7+ Kg8 55. Qd8+ Kg7 56. Qe7+ Kg8 1/2-1/2


[Site "https://www.chess.com"]

[Event "Titled Tuesday Blitz March 22 Early 2022"]
[White "Prohorov, Olexandr"]
[Black "Lazavik, Denis"]
[WhiteFideId "14105578"]
[BlackFideId "13515110"]
[WhiteElo "1993"]
[BlackElo "2437"]
[Result "0-1"]
[Round "02"]
[TimeControl "180+1"]
[Date "2022.03.22"]
[WhiteClock "0:00:32"]
[BlackClock "0:01:04"]

1. Nf3 d5 2. d4 Nf6 3. c4 c6 4. Nc3 dxc4 5. a4 Bf5 6. Nh4 e6 7. Nxf5 exf5 8. e3 Bb4 9. Bxc4 O-O 10. O-O Nbd7 11. Bd2 a5 12. Na2 Bxd2 13. Qxd2 Ne4 14. Qe2 Qe7 15. Nc3 Nd6 16. Bd3 Rfe8 17. Qf3 g6 18. Rfe1 Nf6 19. d5 c5 20. Rad1 Qe5 21. h3 Kg7 22. g3 h5 23. Kg2 h4 24. Qf4 hxg3 25. Qxe5 Rxe5 26. Kxg3 Nxd5 27. f4 Rxe3+ 28. Rxe3 Nxe3 29. Re1 Nec4 30. b3 Nd2 31. Re7 Rd8 32. Kg2 Nxb3 33. Rc7 Ne8 0-1


[Site "https://www.chess.com"]

[Event "Titled Tuesday Blitz March 22 Early 2022"]
[White "Rengifo Blancas, Renzo Jhonathan"]
[Black "Maltsevskaya, Aleksandra"]
[WhiteFideId "3807185"]
[BlackFideId "24174041"]
[WhiteElo "2058"]
[BlackElo "2241"]
[Result "0-1"]
[Round "02"]
[TimeControl "180+1"]
[Date "2022.03.22"]
[WhiteClock "0:00:13"]
[BlackClock "0:01:32"]

1. d4 Nf6 2. c4 g6 3. Nf3 d6 4. Nc3 Nbd7 5. g3 Bg7 6. Bg2 O-O 7. O-O e5 8. e4 exd4 9. Nxd4 Nc5 10. Re1 Ng4 11. h3 Ne5 12. b3 Ned3 13. Re3 Nxc1 14. Rxc1 Ne6 15. Nxe6 Bxe6 16. Nd5 c6 17. Nf4 Re8 18. Rd3 Qa5 19. Rc2 b5 20. Nxe6 Rxe6 21. Rxd6 Rxd6 22. Qxd6 Rd8 23. b4 Qb6 24. c5 Rxd6 25. cxb6 axb6 26. e5 Bxe5 27. Rxc6 Rd1+ 28. Kh2 Rd2 29. Kg1 Bd4 30. Bd5 Bxf2+ 31. Kh1 Rxd5 32. Rc8+ Kg7 33. Rc2 Bxg3 34. a4 bxa4 0-1


[Site "https://www.chess.com"]

[Event "Titled Tuesday Blitz March 22 Early 2022"]
[White "Reprintsev, Alexander"]
[Black "Moskalenko, Alexander"]
[WhiteFideId "14100541"]
[BlackFideId "4155351"]
[WhiteElo "2108"]
[BlackElo "2475"]
[Result "0-1"]
[Round "02"]
[TimeControl "180+1"]
[Date "2022.03.22"]
[WhiteClock "0:00:34"]
[BlackClock "0:01:26"]

1. e4 Nc6 2. d4 d5 3. exd5 Qxd5 4. Nf3 Bg4 5. Be2 O-O-O 6. c4 Qh5 7. Be3 e5 8. d5 Nf6 9. Qa4 Nb4 10. a3 e4 11. axb4 exf3 12. gxf3 Bxf3 13. Nc3 Bxe2 14. Nxe2 Ng4 15. Bxa7 Bd6 16. Bd4 Rhe8 17. Qb5 Rxe2+ 18. Kxe2 c6 19. Ra8+ Bb8 20. Qa5 Ne5+ 21. Kd2 Nxc4+ 0-1


[Site "https://www.chess.com"]

[Event "Titled Tuesday Blitz March 22 Early 2022"]
[White "Rosen, Eric"]
[Black "Hoffmann, Asa"]
[WhiteFideId "2032562"]
[BlackFideId "2001470"]
[WhiteElo "2362"]
[BlackElo "2117"]
[Result "1-0"]
[Round "02"]
[TimeControl "180+1"]
[Date "2022.03.22"]
[WhiteClock "0:00:04"]
[BlackClock "0:00:58"]

1. e4 d6 2. d4 Nf6 3. Nc3 c6 4. Nf3 Bg4 5. a4 e6 6. h3 Bh5 7. Bd3 d5 8. e5 Nfd7 9. Ne2 Bxf3 10. gxf3 c5 11. c3 Nc6 12. f4 g6 13. h4 h5 14. Be3 Be7 15. Qb1 cxd4 16. Nxd4 Nf8 17. Nf3 a6 18. b4 Qc7 19. Qb3 Nd7 20. Kf1 Rc8 21. Rc1 O-O 22. Rg1 Kh7 23. Ng5+ Bxg5 24. hxg5 Kg7 25. Qd1 Ne7 26. Bd4 Nc6 27. Be3 Ne7 28. Rh1 Rh8 29. Bd4 Nb6 30. f5 Nxf5 31. Bxf5 gxf5 32. Rxh5 Rxh5 33. Qxh5 Rh8 34. Qf3 Nxa4 35. Kg2 Nb2 36. Rh1 Rxh1 37. Kxh1 Qc4 38. Qh5 Qf1+ 39. Kh2 Nd1 40. Qh6+ Kg8 41. g6 fxg6 42. Qxg6+ Kh8 43. Qh6+ Kg8 44. Qg6+ Kh8 45. Qh6+ Kg8 46. Qxe6+ Kh7 47. Qxf5+ Kh6 48. Qh3+ Qxh3+ 49. Kxh3 Kg5 50. e6 Kg6 51. f4 Ne3 52. Bxe3 Kf6 53. f5 b6 54. Bg5+ 1-0


[Site "https://www.chess.com"]

[Event "Titled Tuesday Blitz March 22 Early 2022"]
[White "Rosenberg, Evan S"]
[Black "Olsen, Filip Boe"]
[WhiteFideId "2019299"]
[BlackFideId "1440640"]
[WhiteElo "2299"]
[BlackElo "2188"]
[Result "0-1"]
[Round "02"]
[TimeControl "180+1"]
[Date "2022.03.22"]
[WhiteClock "0:00:01"]
[BlackClock "0:00:39"]

1. d4 Nf6 2. c4 e6 3. Nc3 Bb4 4. Nf3 O-O 5. g3 b6 6. Bg2 Bb7 7. O-O Bxc3 8. bxc3 d6 9. a4 Nbd7 10. a5 Rc8 11. a6 Ba8 12. Ba3 Ne4 13. Qc2 f5 14. e3 c5 15. Rad1 Qe7 16. Rd3 Ndf6 17. h3 Kh8 18. Rfd1 g5 19. dxc5 bxc5 20. Nd2 Rfd8 21. Nxe4 Nxe4 22. Qe2 Rb8 23. Qh5 Rb6 24. g4 Rxa6 25. Bc1 Qe8 26. Qxe8+ Rxe8 27. gxf5 exf5 28. Bxe4 Bxe4 29. Rxd6 Ra1 30. Kh2 Rb8 31. Rd8+ Rxd8 32. Rxd8+ Kg7 33. Bd2 Rd1 34. Rd7+ Kg6 35. Rd6+ Kh5 36. Kg3 a5 37. f3 Bc2 38. e4 fxe4 39. fxe4 Bxe4 40. h4 gxh4+ 0-1


[Site "https://www.chess.com"]

[Event "Titled Tuesday Blitz March 22 Early 2022"]
[White "Sadovsky, Artem"]
[Black "Sailer, Mike"]
[WhiteFideId "4155840"]
[BlackFideId "2012901"]
[WhiteElo "2314"]
[BlackElo "2109"]
[Result "1/2-1/2"]
[Round "02"]
[TimeControl "180+1"]
[Date "2022.03.22"]
[WhiteClock "0:00:45"]
[BlackClock "0:00:07"]

1. Nf3 d5 2. e3 Bf5 3. c4 e6 4. Nc3 Nf6 5. Qb3 Nc6 6. Qxb7 Nb4 7. Nd4 Bd3 8. Nc6 Qc8 9. Qxc8+ Rxc8 10. Nxb4 Bxf1 11. Rxf1 Bxb4 12. cxd5 exd5 13. Nb5 c6 14. Nd4 O-O 15. a3 Bd6 16. d3 Rfe8 17. Bd2 c5 18. Nf5 Bf8 19. O-O-O g6 20. Ng3 Re6 21. Kc2 Rb6 22. Rb1 Rcb8 23. Bc3 Nd7 24. b3 Bd6 25. Ne2 R6b7 26. h4 h5 27. e4 d4 28. Bd2 Ne5 29. Nf4 Ng4 30. Nd5 Ne5 31. f3 Bf8 32. Bf4 Nc6 33. Bxb8 Rxb8 34. g4 hxg4 35. fxg4 a5 36. h5 gxh5 37. gxh5 Bh6 38. Rf6 Kf8 39. Rg6 fxg6 40. Rf1+ Kg7 41. Rg1 g5 42. Nf4 Ne5 43. Ne6+ Kf6 44. Nxc5 Rc8 45. Rf1+ Ke7 46. b4 axb4 47. axb4 Nd7 48. Rf5 Nxc5 49. bxc5 Ke6 50. Kb3 Rb8+ 51. Kc4 Rd8 52. Rd5 Rxd5 53. exd5+ Kd7 54. Kxd4 g4 55. Ke4 Ke7 56. d4 Kd7 57. d6 Kc6 58. d5+ Kxc5 59. d7 Bg5 60. h6 g3 61. h7 g2 62. d8=Q Bxd8 63. h8=Q g1=Q 64. Qxd8 Qg4+ 65. Ke5 Qh5+ 66. Ke6 Qg6+ 67. Ke5 Qh5+ 68. Kf6 Qf3+ 69. Ke6 Qe4+ 70. Kf7 Qxd5+ 71. Qxd5+ Kxd5 1/2-1/2


[Site "https://www.chess.com"]

[Event "Titled Tuesday Blitz March 22 Early 2022"]
[White "Saldano Dayer, Horacio"]
[Black "Kett, Tim"]
[WhiteFideId "103411"]
[BlackFideId "1801210"]
[WhiteElo "2419"]
[BlackElo "2098"]
[Result "1-0"]
[Round "02"]
[TimeControl "180+1"]
[Date "2022.03.22"]
[WhiteClock "0:00:12"]
[BlackClock "0:00:18"]

1. e4 e5 2. Bc4 Nf6 3. d3 Nc6 4. Nf3 Be7 5. O-O d6 6. a4 Be6 7. Nc3 Bxc4 8. dxc4 O-O 9. Re1 h6 10. Nd5 Nh7 11. Qd3 Ng5 12. Bxg5 Bxg5 13. g3 f5 14. exf5 Qd7 15. g4 Rae8 16. Nxg5 hxg5 17. c3 g6 18. Qe3 gxf5 19. Qxg5+ Qg7 20. Qxg7+ Kxg7 21. Nxc7 Re7 22. Nb5 Re6 23. h3 fxg4 24. hxg4 Rf4 25. f3 Rxf3 26. Re4 Rg6 27. Rd1 Rg3+ 28. Kf2 R3xg4 29. Rxg4 Rxg4 30. Nxd6 Kf6 31. b3 Kg5 32. Nxb7 Kf4 33. Nd6 Rh4 34. Kg2 Rg4+ 35. Kf1 Rg3 36. Nb5 e4 37. Rd6 Ne5 38. Rf6+ Ke3 39. Nd6 Nf3 40. Nf5+ Kf4 41. Nxg3+ Kxg3 42. Rxf3+ Kxf3 43. c5 e3 44. c6 e2+ 45. Ke1 Ke3 46. c7 Kd3 47. c8=Q a5 48. Qc7 1-0


[Site "https://www.chess.com"]

[Event "Titled Tuesday Blitz March 22 Early 2022"]
[White "Samunenkov, Ihor"]
[Black "Tsyhanchuk, Stanislav"]
[WhiteFideId "14187086"]
[BlackFideId "13505130"]
[WhiteElo "2409"]
[BlackElo "2078"]
[Result "1-0"]
[Round "02"]
[TimeControl "180+1"]
[Date "2022.03.22"]
[WhiteClock "0:01:17"]
[BlackClock "0:00:19"]

1. d4 d5 2. c4 c6 3. Nf3 Nf6 4. g3 e6 5. Bg2 Nbd7 6. Qc2 Bd6 7. O-O O-O 8. Nbd2 h6 9. e4 dxe4 10. Nxe4 Nxe4 11. Qxe4 Nf6 12. Qc2 c5 13. Rd1 cxd4 14. Nxd4 a6 15. c5 Be7 16. Nxe6 Qxd1+ 17. Qxd1 Bxe6 18. Bxb7 Rad8 19. Qc2 Nd5 20. Bd2 Bf6 21. Ba5 Rb8 22. c6 g6 23. Rd1 Kg7 24. Qc5 Be7 25. Qa7 Bd6 26. Rxd5 Bxd5 27. Qd4+ Kg8 28. Qxd5 Be7 29. c7 1-0


[Site "https://www.chess.com"]

[Event "Titled Tuesday Blitz March 22 Early 2022"]
[White "Sanal, Vahap"]
[Black "Rastbod, Ali"]
[WhiteFideId "6300545"]
[BlackFideId "12567477"]
[WhiteElo "2603"]
[BlackElo "2200"]
[Result "0-1"]
[Round "02"]
[TimeControl "180+1"]
[Date "2022.03.22"]
[WhiteClock "0:00:01"]
[BlackClock "0:00:05"]

1. e4 e6 2. d4 d5 3. Nc3 Bb4 4. exd5 exd5 5. Bd3 Nf6 6. Nf3 O-O 7. O-O h6 8. a3 Bxc3 9. bxc3 c5 10. Ne5 c4 11. Be2 Ne4 12. Qe1 Nc6 13. f3 Nd6 14. Nxc6 bxc6 15. Bf4 Re8 16. Qd2 Bf5 17. Rfe1 a5 18. a4 Nc8 19. Bf1 Rxe1 20. Qxe1 Bxc2 21. Qg3 Bg6 22. h4 Kh7 23. Be5 f6 24. Bf4 Qd7 25. Qh2 h5 26. Ra2 Ra7 27. g4 hxg4 28. h5 Bd3 29. Bg2 Rb7 30. Qg3 gxf3 31. Bxf3 Ne7 32. Rg2 Ng8 33. Kh2 Qf7 34. Bg4 Nh6 35. Bf3 Be4 36. Bxh6 gxh6 37. Bxe4+ dxe4 38. Qg4 f5 39. Qh4 Re7 40. Qg3 Qxh5+ 41. Kg1 Qf7 42. Qf4 e3 43. Kf1 Qe6 44. Qg3 f4 45. Qh4 f3 46. Rg4 e2+ 47. Ke1 Rf7 48. Re4 Qf5 49. Kf2 e1=Q+ 50. Rxe1 Qc2+ 51. Ke3 Qxc3+ 52. Kf2 Qd2+ 0-1


[Site "https://www.chess.com"]

[Event "Titled Tuesday Blitz March 22 Early 2022"]
[White "Sanchez, Robert"]
[Black "Janaszak, Dawid"]
[WhiteFideId "2034360"]
[BlackFideId "1119206"]
[WhiteElo "2307"]
[BlackElo "2199"]
[Result "0-1"]
[Round "02"]
[TimeControl "180+1"]
[Date "2022.03.22"]
[WhiteClock "0:00:06"]
[BlackClock "0:01:09"]

1. e4 c5 2. Nf3 Nc6 3. d4 cxd4 4. c3 Nf6 5. e5 Nd5 6. Bc4 Nb6 7. Bb3 d5 8. exd6 Qxd6 9. cxd4 e6 10. Nc3 Be7 11. O-O O-O 12. Ne4 Qc7 13. Be3 Nd5 14. Rc1 Bd7 15. Nfg5 h6 16. Nf3 Rad8 17. Ne5 Be8 18. Qh5 f5 19. Qh3 Qb6 20. Nc3 Ncb4 21. Nxd5 Nxd5 22. g4 f4 23. Bd2 Qxd4 24. Bxd5 Qxe5 25. Bb3 Rxd2 26. g5 0-1


[Site "https://www.chess.com"]

[Event "Titled Tuesday Blitz March 22 Early 2022"]
[White "Sarkar, Justin"]
[Black "Omelja, Artem"]
[WhiteFideId "2010011"]
[BlackFideId "14119846"]
[WhiteElo "2038"]
[BlackElo "2382"]
[Result "1/2-1/2"]
[Round "02"]
[TimeControl "180+1"]
[Date "2022.03.22"]
[WhiteClock "0:01:29"]
[BlackClock "0:01:58"]

1. d4 d5 2. c4 c6 3. Nc3 Nf6 4. cxd5 cxd5 5. Bg5 e6 6. e3 Nc6 7. Bd3 Be7 8. Nge2 O-O 9. O-O a6 10. Rc1 Bd7 11. Bb1 h6 12. Bxf6 Bxf6 13. Qd3 g6 14. Nf4 b5 15. Nxg6 fxg6 16. Qxg6+ Bg7 17. Qh7+ Kf7 18. Qg6+ Kg8 19. Qh7+ Kf7 20. Qg6+ Kg8 1/2-1/2


[Site "https://www.chess.com"]

[Event "Titled Tuesday Blitz March 22 Early 2022"]
[White "Schrik, Rachid"]
[Black "Golubev, Mikhail"]
[WhiteFideId "1009818"]
[BlackFideId "14100983"]
[WhiteElo "2070"]
[BlackElo "2374"]
[Result "0-1"]
[Round "02"]
[TimeControl "180+1"]
[Date "2022.03.22"]
[WhiteClock "0:00:42"]
[BlackClock "0:00:19"]

1. d4 Nf6 2. c4 g6 3. Nc3 Bg7 4. e4 d6 5. f3 O-O 6. Bg5 Nc6 7. Qd2 a6 8. Rc1 e5 9. d5 Nd4 10. Nge2 c5 11. Nxd4 cxd4 12. Nd1 h6 13. Bh4 g5 14. Bf2 Nh5 15. Bd3 Nf4 16. g3 Nxd3+ 17. Qxd3 f5 18. O-O fxe4 19. Qxe4 Bf5 20. Qe2 Bh3 21. Re1 Qf6 22. c5 dxc5 23. Rxc5 Qxf3 24. Qxf3 Rxf3 25. Rc7 Rd8 26. g4 Rxd5 27. Bg3 Bxg4 28. Nf2 Bf5 29. Ne4 Re3 30. Rxe3 dxe3 31. Nc3 Rd2 32. Na4 Rd1+ 33. Kg2 Be4+ 34. Kh3 e2 35. Nc5 Bf5+ 36. Kg2 e1=Q 0-1


[Site "https://www.chess.com"]

[Event "Titled Tuesday Blitz March 22 Early 2022"]
[White "Shuvalov, Evgenij"]
[Black "Stanisz, Patryk"]
[WhiteFideId "4187237"]
[BlackFideId "1123106"]
[WhiteElo "2151"]
[BlackElo "1876"]
[Result "1-0"]
[Round "02"]
[TimeControl "180+1"]
[Date "2022.03.22"]
[WhiteClock "0:01:57"]
[BlackClock "0:00:41"]

1. Nf3 Nf6 2. c4 g6 3. Nc3 Bg7 4. e4 d6 5. d4 O-O 6. Be2 e5 7. O-O Nc6 8. Be3 Bg4 9. d5 Ne7 10. Nd2 Bxe2 11. Qxe2 Nd7 12. f3 f5 13. b4 a5 14. bxa5 Rxa5 15. a4 b6 16. Nb3 Ra8 17. a5 bxa5 18. Rxa5 Rxa5 19. Nxa5 Qa8 20. Ra1 f4 21. Bf2 Qa6 22. Ra2 Re8 23. Nb5 Rc8 24. Nc6 1-0


[Site "https://www.chess.com"]

[Event "Titled Tuesday Blitz March 22 Early 2022"]
[White "Siva Mahadevan"]
[Black "Ronka, Erik"]
[WhiteFideId "25043153"]
[BlackFideId "505080"]
[WhiteElo "2203"]
[BlackElo "2264"]
[Result "1-0"]
[Round "02"]
[TimeControl "180+1"]
[Date "2022.03.22"]
[WhiteClock "0:00:07"]
[BlackClock "0:00:02"]

1. e4 c5 2. Nf3 e6 3. d4 cxd4 4. Nxd4 a6 5. Nc3 Qc7 6. Bd3 b5 7. O-O Nf6 8. Re1 d6 9. a4 b4 10. Na2 Be7 11. Bd2 a5 12. c3 Qb6 13. Be3 Qb7 14. cxb4 axb4 15. Bb5+ Bd7 16. f3 O-O 17. Nxb4 d5 18. e5 Bxb4 19. exf6 Bxb5 20. Nxb5 Bxe1 21. Qxe1 Nd7 22. fxg7 Rfb8 23. Qh4 Nb6 24. b3 Qd7 25. Bd4 Nc8 26. Be5 Rb7 27. Rc1 Na7 28. Nd4 Rc8 29. Re1 Nc6 30. Nxc6 Rxc6 31. b4 Rc4 32. Qf6 Rcxb4 33. a5 Rb1 34. Rxb1 Rxb1+ 35. Kf2 Rb5 36. Bc3 Qc8 37. h4 Rc5 38. Bd4 Rc2+ 39. Kg3 Ra2 40. Bb6 Ra4 41. h5 Qb8+ 42. Kh3 Ra2 43. h6 Ra1 44. Qxa1 Qf4 45. Qd4 Qxh6+ 46. Qh4 Qd2 47. a6 1-0


[Site "https://www.chess.com"]

[Event "Titled Tuesday Blitz March 22 Early 2022"]
[White "Sjugirov, Sanan"]
[Black "Yang, Kaiqi"]
[WhiteFideId "4189302"]
[BlackFideId "8604398"]
[WhiteElo "2602"]
[BlackElo "2373"]
[Result "1/2-1/2"]
[Round "02"]
[TimeControl "180+1"]
[Date "2022.03.22"]
[WhiteClock "0:00:07"]
[BlackClock "0:00:18"]

1. e4 e6 2. d4 d5 3. Nd2 Nf6 4. e5 Nfd7 5. f4 c5 6. Ngf3 Nc6 7. Nb3 Qb6 8. c3 a5 9. a4 cxd4 10. Nfxd4 Nc5 11. Be3 Nxb3 12. Qxb3 Bc5 13. Qxb6 Bxb6 14. Kd2 Bxd4 15. cxd4 Bd7 16. Be2 Ke7 17. Rhc1 Rhc8 18. b3 Nb4 19. g4 Rxc1 20. Rxc1 Rc8 21. Rxc8 Bxc8 22. h4 b6 23. h5 Ba6 24. Bxa6 Nxa6 25. f5 g6 26. Bg5+ Ke8 27. fxe6 fxe6 28. hxg6 hxg6 29. Bh4 Nb4 30. Ke2 Nc2 31. Kd3 Nb4+ 32. Kd2 Nc6 33. Ke3 Nb4 34. Kd2 Nc6 35. Kc3 Kd7 36. Bg5 Nb4 37. Bd2 Nc6 38. Kd3 Ke8 39. Ke3 Nd8 40. Kf4 Nf7 41. b4 axb4 42. Bxb4 Kd7 43. Kf3 Kc6 44. Kf4 Kb7 45. Bd2 Ka6 46. Bc3 Kb7 47. Be1 Ka6 48. Bd2 Kb7 49. Bc3 Ka6 50. Bb4 Kb7 51. Bc3 Ka6 52. Bd2 Kb7 53. Bc3 1/2-1/2


[Site "https://www.chess.com"]

[Event "Titled Tuesday Blitz March 22 Early 2022"]
[White "Skliarov, Viktor"]
[Black "Svane, Rasmus"]
[WhiteFideId "14106736"]
[BlackFideId "4657101"]
[WhiteElo "2229"]
[BlackElo "2645"]
[Result "0-1"]
[Round "02"]
[TimeControl "180+1"]
[Date "2022.03.22"]
[WhiteClock "0:00:06"]
[BlackClock "0:00:11"]

1. e4 c6 2. d4 d5 3. e5 Bf5 4. Nf3 e6 5. Be2 Ne7 6. O-O Ng6 7. Ne1 h5 8. Nd3 Nd7 9. Be3 Qb6 10. Nc3 h4 11. h3 Be7 12. Bg4 Ngf8 13. a4 a5 14. b3 Qa6 15. Rc1 Rc8 16. Na2 Bxd3 17. cxd3 g6 18. f4 Qb6 19. Rf2 Nb8 20. Rfc2 Na6 21. Kf2 Nd7 22. Rb1 Qa7 23. Qd2 Bd8 24. Qe1 Bb6 25. Qc3 O-O 26. Be2 c5 27. Qb2 cxd4 28. Bd2 Rc6 29. Rbc1 Rfc8 30. Kf1 Qb8 31. Be1 Bd8 32. Bf2 Be7 33. Bxd4 Nb4 34. Nxb4 Bxb4 35. Qb1 Bc5 36. Bxc5 Nxc5 37. Qb2 Na6 38. Rxc6 Rxc6 39. Rxc6 bxc6 40. d4 Nb4 41. Qc3 Kg7 42. Qc5 Qd8 43. Bf3 g5 44. Kf2 gxf4 45. Qc1 Qg5 46. Qc3 Qg3+ 47. Kf1 Kg8 48. Qc5 Nd3 49. Qc2 Qe1# 0-1


[Site "https://www.chess.com"]

[Event "Titled Tuesday Blitz March 22 Early 2022"]
[White "Smirnov, Pavel"]
[Black "Mikhnenko, Alexander"]
[WhiteFideId "4123425"]
[BlackFideId "34143014"]
[WhiteElo "2545"]
[BlackElo "2184"]
[Result "1-0"]
[Round "02"]
[TimeControl "180+1"]
[Date "2022.03.22"]
[WhiteClock "0:00:16"]
[BlackClock "0:00:02"]

1. d4 Nf6 2. c4 c6 3. Nf3 d5 4. e3 Bf5 5. Nc3 e6 6. Nh4 Bg4 7. Qb3 Qc7 8. h3 Bh5 9. g4 Bg6 10. Nxg6 hxg6 11. Bg2 Nbd7 12. Bd2 Rd8 13. O-O-O Be7 14. g5 Nh5 15. h4 Nb6 16. cxd5 cxd5 17. Kb1 a6 18. e4 dxe4 19. Bxe4 Rxd4 20. a3 O-O 21. Be3 Rxd1+ 22. Rxd1 Bc5 23. Bc1 Bxf2 24. a4 Qc4 25. Qxc4 Nxc4 26. Bxb7 a5 27. Ne4 Be3 28. Ba6 Bxc1 29. Bxc4 Bf4 30. Rd7 Ng3 31. Nc5 Nf5 32. Ra7 Bd2 33. Nb3 Bb4 34. Nxa5 Bxa5 35. Rxa5 Nxh4 36. Rc5 Nf5 37. a5 Nd6 38. a6 Nxc4 39. Rxc4 Ra8 40. Rc6 f5 41. gxf6 gxf6 42. b4 Rb8 43. Rc4 e5 44. a7 Ra8 45. Rc7 e4 46. b5 e3 47. Kc1 Rd8 48. Re7 1-0


[Site "https://www.chess.com"]